 Dungeon Crawl Stone Soup version 0.28-a0-514-g0d7ab7f379 (webtiles) character file.

Game seed: 1331586384356035001

34 gruber the Stinger (level 3, -1/19 HPs)
             Began as a Gargoyle Venom Mage on Sept 22, 2021.
             Slain by a goblin (2 damage)
             ... led by Robin
             ... on level 2 of the Dungeon.
             The game lasted 00:01:06 (1511 turns).

gruber the Stinger (Gargoyle Venom Mage)            Turns: 1511, Time: 00:01:08

Health: -1/19      AC:  5    Str: 11    XL:     3   Next: 31%
Magic:  2/6        EV: 11    Int: 16    God:
Gold:   37         SH:  0    Dex: 10    Spells: 5/6 levels left

rFire   . . .      SeeInvis .   f - +1 whip (elec)
rCold   . . .      Faith    .   (no shield)
rNeg    + . .      Spirit   .   a - +0 robe
rPois   ∞          Reflect  .   (no helmet)
rElec   +          Harm     .   (no cloak)
rCorr   .          Rampage  .   (no gloves)
Will    .....                   (no boots)
Stlth   ++........              (no amulet)
HPRegen 0.06/turn               (no ring)
MPRegen 0.10/turn               (no ring)

@: no status effects
A: sickness immunity, AC +3, negative energy resistance 1, electricity
resistance, torment resistance 1, petrification resistance
a: no special abilities


You were on level 2 of the Dungeon.
You visited 1 branch of the dungeon, and saw 2 of its levels.

You collected 37 gold pieces.

Inventory:

Hand Weapons
 f - a +1 whip of electrocution (weapon)
Armour
 a - a +0 robe (worn)
Jewellery
 e - a ring of see invisible
Scrolls
 c - a scroll of identify {unknown}
Potions
 b - a potion of degeneration {unknown}
 d - a potion of heal wounds {unknown}
 g - a potion of magic {unknown}


   Skills:
 - Level 1.5 Dodging
 - Level 2.1 Stealth
 - Level 2.0 Spellcasting
 - Level 0.7 Transmutations
 + Level 4.3 Poison Magic


You had 5 spell levels left.
You knew the following spells:

 Your Spells              Type           Power      Damage    Failure   Level
a - Sting                 Tmut/Pois      36%        1d4       8%          1

Your spell library contained the following spells:

 Spells                   Type           Power      Damage    Failure   Level
 Poisonous Vapours        Pois/Air       16%        N/A       13%         2
 Mephitic Cloud           Conj/Pois/Air  6%         N/A       34%         3
 Olgreb's Toxic Radiance  Pois           15%        N/A       34%         4


Dungeon Overview and Level Annotations

Branches:
Dungeon (2/15)

Altars:

Annotations:
D:2 Robin


Innate Abilities, Weirdness & Mutations

You are immune to sickness and miasma.
Your stone body is resilient. (AC +3)
You are immune to poison.
You resist negative energy. (rN+)
You are resistant to electric shocks. (rElec)
You are resistant to unholy torment.
You are immune to petrification.


Message History

The goblin hits you with a +0 dagger. The goblin closely misses you.
You closely miss the goblin.
The goblin hits you but does no damage. x2
The goblin hits you with a +0 dagger.
You barely miss the goblin.
The goblin hits you but does no damage. x2
A goblin comes into view. It is wielding a +0 dagger.
The goblin misses you.
Casting: Sting (safe; 8% risk of failure)
Confirm with . or Enter, or press ? or * to list all spells.
Aiming: Sting (safe; 8% risk of failure)
Press: ? - help, Shift-Dir - straight line The sting hits the goblin.
The goblin is poisoned.
The goblin is heavily wounded.
The goblin barely misses you.
The goblin hits you with a +0 dagger. x2
You barely miss the goblin.
The goblin is moderately wounded.
The goblin closely misses you.
A goblin comes into view. It is wielding a +0 club.
The goblin closely misses you. x2; Robin hits you but does no damage.
Your magical contamination has completely faded away.
You barely miss the goblin.
The goblin is moderately wounded.
The goblin hits you with a +0 dagger. x2
A goblin comes into view. It is wielding a +0 club.
The goblin closely misses you.
You miss the goblin.
The goblin is moderately wounded.
The goblin barely misses you. The goblin hits you with a +0 dagger.
* * * LOW HITPOINT WARNING * * *
The goblin hits you with a +0 dagger.
* * * LOW HITPOINT WARNING * * *
Robin closely misses you.
Unknown command.
You barely miss the goblin.
The goblin is moderately wounded.
The goblin barely misses you.
A goblin comes into view. It is wielding a +0 dagger.
The goblin hits you with a +0 dagger.
* * * LOW HITPOINT WARNING * * *
The goblin hits you with a +0 dagger.
You die...

#.# #<# #.#
#.# ...####.#
........#
#######.# #g#
#@#
#.....gggg...#
#.#####g#.##.#
#)#.# #g. .
#.g ## #.# #g#


You could see Robin and 8 goblins.

Vanquished Creatures
  A gnoll (D:1)
  6 bats (D:1)
  3 endoplasms (D:1)
  A giant cockroach (D:1)
  5 goblins
  3 hobgoblins
  A rat (D:1)
20 creatures vanquished.

Notes
Turn   | Place    | Note
-------+----------+-------------------------------------------
     0 | D:1      | gruber the Gargoyle Venom Mage began the quest for the Orb.
     0 | D:1      | Reached XP level 1. HP: 10/10 MP: 3/3
   514 | D:1      | Reached XP level 2. HP: 9/15 MP: 0/5
  1159 | D:1      | Reached skill level 4 in Poison Magic
  1159 | D:1      | Reached XP level 3. HP: 16/19 MP: 0/6
  1499 | D:2      | Noticed Robin
  1511 | D:2      | Slain by a goblin

Illustrated notes

Levels and vault maps discovered:
D:1:      evilmike_arrival_rings, layout_loops_corners,
          chequers_serial_rivers_marsh
D:2:      layout_loops_ring, uniq_robin

Skill      XL: |  1  2 |
---------------+-------+-----
Poison Magic   | 4 |  4.3
Dodging        | |  1.5
Stealth        | |  2.1
Spellcasting   | |  2.0
Transmutations | |  0.7

Action                   || total
-------------------------++-------
Melee: Unarmed           ||    13
       Whip              ||     8
 Cast: Sting             ||    41
 Stab: Sleeping          ||     1
Armor: Robe              ||    17
Dodge: Dodged            ||    25

Table legend: (Time is in decaauts)
 A = Elapsed time spent in this place.
 B = Non-inter-level travel time spent in this place.
 C = Inter-level travel time spent in this place.
 D = Time resting spent in this place.
 E = Time spent auto-exploring this place.
 F = Levels seen in this place.
 G = Mean time per level.
                   A        B        C        D        E       F      G
               +--------+--------+--------+--------+--------+-----+--------+
         Total |   1514 |   1503 |     11 |      0 |   1347 |   2 |  757.0 |
       Dungeon |   1514 |   1503 |     11 |      0 |   1347 |   2 |  757.0 |
               +--------+--------+--------+--------+--------+-----+--------+

Top non-repeatable levels by time:
     D:1: 1494 daAuts
     D:2: 19 daAuts
